 Dungeon Crawl Stone Soup version 0.22-a0-570-g58866f5 (webtiles) character file.

144 Lianjan the Grasshopper (level 5, 0/43 HPs)
             Began as a Gnoll Warper on July 1, 2018.
             Slain by an orc priest (3 damage)
             ... on level 4 of the Dungeon.
             The game lasted 00:05:46 (2250 turns).

Lianjan the Grasshopper (Gnoll Warper)              Turns: 2250, Time: 00:05:47

Health: 0/43       AC:  7    Str: 14    XL:     5   Next: 27%
Magic:  5/12       EV: 11    Int: 16    God:
Gold:   104        SH:  4    Dex: 14    Spells: 1/14 levels left

rFire    . . .     SeeInvis .   a - +0 falchion
rCold    . . .     Gourm    .   A - +0 buckler
rNeg     . . .     Faith    .   y - +0 scale mail
rPois    .         Spirit   .   (no helmet)
rElec    .         Reflect  .   u - +0 cloak
rCorr    .         Harm     .   (no gloves)
MR       .....                  (no boots)
Stlth    ..........             (no amulet)
HPRegen  0.14/turn              (no ring)
MPRegen  0.13/turn              (no ring)

@: very slightly contaminated
A: distributed training, fangs 1, strong nose
a: no special abilities


You were on level 4 of the Dungeon.
You were not hungry.

You visited 1 branch of the dungeon, and saw 4 of its levels.

You collected 104 gold pieces.

Inventory:

Hand Weapons
 a - a +0 falchion (weapon)
 j - a +0 hunting sling of velocity
Missiles
 e - 5 tomahawks of dispersal (quivered)
 h - 25 bolts
 k - 2 throwing nets
 o - 13 sling bullets
 v - 44 stones
 C - 19 poisoned needles
Armour
 q - a +0 chain mail
 u - a +0 cloak (worn)
 y - a +0 scale mail (worn)
 A - a +0 buckler (worn)
Jewellery
 z - a cursed -2 ring of strength {unknown}
Scrolls
 c - 3 scrolls of amnesia {unknown}
 d - a scroll of blinking
 n - 2 scrolls of identify {unknown}
 p - 5 scrolls of remove curse {unknown}
 r - 4 scrolls of teleportation {unknown}
 t - a scroll of immolation {unknown}
 w - a scroll of magic mapping {unknown}
 x - a scroll of enchant armour {unknown}
 B - a scroll of enchant weapon {unknown}
Potions
 g - 2 potions of flight {unknown}
 i - a potion of haste {unknown}
 l - a potion of agility {unknown}
 m - a potion of curing {unknown}
 s - a potion of magic {unknown}
 D - a potion of might {unknown}
 E - a potion of brilliance {unknown}
 F - a potion of heal wounds {unknown}
Comestibles
 b - 10 chunks of flesh
 f - 7 rations


   Skills:
 + Level 4.7 Fighting
 + Level 1.4 Short Blades
 + Level 4.7 Long Blades
 + Level 1.4 Axes
 + Level 1.4 Maces & Flails
 + Level 1.4 Polearms
 + Level 1.4 Staves
 + Level 1.4 Slings
 + Level 1.4 Bows
 + Level 1.4 Crossbows
 + Level 2.9 Throwing
 + Level 2.9 Armour
 + Level 4.7 Dodging
 + Level 1.4 Stealth
 + Level 1.4 Shields
 + Level 1.4 Unarmed Combat
 + Level 5.1 Spellcasting
 + Level 1.1 Conjurations
 + Level 1.1 Hexes
 + Level 1.1 Charms
 + Level 1.1 Summonings
 + Level 1.1 Necromancy
 + Level 5.5 Translocations
 + Level 1.1 Transmutations
 + Level 1.1 Fire Magic
 + Level 1.1 Ice Magic
 + Level 1.1 Air Magic
 + Level 1.1 Earth Magic
 + Level 1.1 Poison Magic
 + Level 1.5 Invocations
 + Level 1.4 Evocations


You had one spell level left.
You knew the following spells:

 Your Spells              Type           Power        Failure   Level  Hunger
a - Shroud of Golubria    Chrm/Tloc      ##........   32%         2    #......
b - Blink                 Tloc           N/A          13%         2    #......
c - Gell's Gravitas       Tloc           ###.......   26%         3    ###....
d - Teleport Other        Tloc           ###.....     26%         3    ###....
e - Lesser Beckoning      Tloc           ###.......   26%         3    ###....

Your spell library contained the following spells:

 Spells                   Type           Power        Failure   Level  Hunger
 Passage of Golubria      Tloc           N/A          65%         4    ####...


Dungeon Overview and Level Annotations

Branches:
Dungeon (4/15)
 Temple: D:4-7

Altars:


Innate Abilities, Weirdness & Mutations

Your experience applies equally to all skills.
You have very sharp teeth.
Your uncanny sense of smell can sniff out nearby items.


Message History

The orc priest is moderately wounded.
The orc priest calls down the wrath of Beogh upon you.
Beogh smites you!
* * * LOW HITPOINT WARNING * * *
The jackal skeleton barely misses you. The orc priest hits you.
* * * LOW HITPOINT WARNING * * *
You hit the orc priest but do no damage.
The orc priest is moderately wounded.
The jackal skeleton closely misses you. The orc priest hits you.
* * * LOW HITPOINT WARNING * * *
Your shroud falls apart!
You aren't carrying any items that you can evoke.
Okay, then.
Blink to where?
Press: ? - help, Dir - move target cursor
As you read the scroll of blinking, it crumbles to dust.
You aren't carrying any items that you can evoke.
You block the jackal skeleton's attack. The orc priest hits you.
You die...

##...##........# #.
##..............## ##.
##...#.......[....######..
....#....................#
....#....).........#######
#.#.....)..........#
...................#
#!#.....o..........#
........Z@........##
.................##
######(.#.#..####
#.......# #..#.#..#
##.....## #....## .....#


You could see an orc priest and a jackal skeleton.

Vanquished Creatures
  5 adders
  An ooze (D:1)
  4 worms
  3 dart slugs
  A leopard gecko (D:4)
  10 orcs
  A ball python (D:1)
  3 bats (D:2)
  5 giant cockroaches
  9 goblins
  4 hobgoblins
  3 jackals (D:1)
  6 kobolds
  2 frilled lizards (D:1)
  6 rats
63 creatures vanquished.

Notes
Turn   | Place    | Note
-------+----------+-------------------------------------------
     0 | D:1      | Lianjan the Gnoll Warper began the quest for the Orb.
     0 | D:1      | Reached XP level 1. HP: 20/20 MP: 6/6
   311 | D:1      | Reached XP level 2. HP: 25/26 MP: 7/7
   571 | D:1      | Reached XP level 3. HP: 24/31 MP: 9/9
   593 | D:1      | Reached skill level 5 in Spellcasting
   599 | D:1      | Learned a level 2 spell: Shroud of Golubria
   602 | D:1      | Learned a level 2 spell: Blink
   606 | D:1      | Learned a level 3 spell: Gell's Gravitas
   610 | D:1      | Learned a level 3 spell: Teleport Other
   841 | D:2      | Reached skill level 1 in Invocations
   963 | D:2      | Reached skill level 1 in Short Blades
   963 | D:2      | Reached skill level 1 in Axes
   963 | D:2      | Reached skill level 1 in Maces & Flails
   963 | D:2      | Reached skill level 1 in Polearms
   963 | D:2      | Reached skill level 1 in Staves
   963 | D:2      | Reached skill level 1 in Slings
   963 | D:2      | Reached skill level 1 in Bows
   963 | D:2      | Reached skill level 1 in Crossbows
   963 | D:2      | Reached skill level 1 in Stealth
   963 | D:2      | Reached skill level 1 in Shields
   963 | D:2      | Reached skill level 1 in Unarmed Combat
   963 | D:2      | Reached skill level 1 in Evocations
   979 | D:2      | Reached XP level 4. HP: 38/38 MP: 11/11
   993 | D:2      | Learned a level 3 spell: Lesser Beckoning
  1512 | D:3      | Reached skill level 1 in Conjurations
  1512 | D:3      | Reached skill level 1 in Hexes
  1512 | D:3      | Reached skill level 1 in Charms
  1512 | D:3      | Reached skill level 1 in Summonings
  1512 | D:3      | Reached skill level 1 in Necromancy
  1512 | D:3      | Reached skill level 1 in Transmutations
  1512 | D:3      | Reached skill level 1 in Fire Magic
  1512 | D:3      | Reached skill level 1 in Ice Magic
  1512 | D:3      | Reached skill level 1 in Air Magic
  1512 | D:3      | Reached skill level 1 in Earth Magic
  1512 | D:3      | Reached skill level 1 in Poison Magic
  1770 | D:3      | Reached XP level 5. HP: 41/43 MP: 12/12
  2250 | D:4      | Slain by an orc priest

Vault maps used:
D:1:      minmay_arrival_jagged, minmay_tetromino_i2
D:3:      first_ration
D:4:      serial_glass, glass_columns_a, glass_columns_a, glass_columns_c,
          glass_columns_a, glass_columns_b, glass_columns_b, glass_columns_c,
          glass_columns_a, feat_on_display

Skill      XL: |  1  2  3  4 |
---------------+-------------+-----
Spellcasting   | 5 |  5.1
Invocations    | 1 |  1.5
Short Blades   | 1 |  1.4
Axes           | 1 |  1.4
Maces & Flails | 1 |  1.4
Polearms       | 1 |  1.4
Staves         | 1 |  1.4
Slings         | 1 |  1.4
Bows           | 1 |  1.4
Crossbows      | 1 |  1.4
Stealth        | 1 |  1.4
Shields        | 1 |  1.4
Unarmed Combat | 1 |  1.4
Evocations     | 1 |  1.4
Conjurations   | 1 |  1.1
Hexes          | 1 |  1.1
Charms         | 1 |  1.1
Summonings     | 1 |  1.1
Necromancy     | 1 |  1.1
Transmutations | 1 |  1.1
Fire Magic     | 1 |  1.1
Ice Magic      | 1 |  1.1
Air Magic      | 1 |  1.1
Earth Magic    | 1 |  1.1
Poison Magic   | 1 |  1.1
Fighting       | |  4.7
Long Blades    | |  4.7
Throwing       | |  2.9
Armour         | |  2.9
Dodging        | |  4.7
Translocations | |  5.5

Action                   |  1- 3 |  4- 6 || total
-------------------------+-------+-------++-------
Melee: Falchion          |    87 |   152 ||   239
       Bite              |     9 |    19 ||    28
 Cast: Shroud of Golubri |     2 |     7 ||     9
       Gell's Gravitas   |       |     1 ||     1
  Use: Scroll            |       |     1 ||     1
 Stab: Sleeping          |     1 |       ||     1
  Eat: Chunk             |       |     5 ||     5
Armor: Leather armour    |    23 |     6 ||    29
       Scale mail        |       |    38 ||    38
Dodge: Dodged            |    76 |    90 ||   166
Block: Buckler           |       |    21 ||    21
       Rpst.: Falchion   |    19 |    29 ||    48

Table legend:
 A = Spawn XP
 B = Non-spawn XP
 C = Spawn XP percentage of total XP
 D = Spawn monster count
 E = Non-spawn monster count
 F = Spawn count percentage of total count
 G = Total turns spent on level
                    A         B        C        D         E        F      G
               +---------+---------+-------+---------+---------+-------+---------
         Total |       0 |     207 |   0.0 |       0 |      63 |   0.0 |  2250
               +---------+---------+-------+---------+---------+-------+---------
           D:1 |       0 |      41 |   0.0 |       0 |      19 |   0.0 |   815
           D:2 |       0 |      61 |   0.0 |       0 |      17 |   0.0 |   590
           D:3 |       0 |      86 |   0.0 |       0 |      21 |   0.0 |   741
           D:4 |       0 |      19 |   0.0 |       0 |       6 |   0.0 |   104
               +---------+---------+-------+---------+---------+-------+---------
